 Dungeon Crawl Stone Soup version 0.26.1-11-gd32895ea62 (webtiles) character file.

Game seed: 9303561987210035763

900 metroholografix the Skirmisher (level 8, -2/79 HPs)
             Began as a Gargoyle Berserker on May 10, 2021.
             Was a Priest of Trog.
             Splashed by a jelly's acid (9 damage)
             ... on level 6 of the Dungeon.
             The game lasted 00:13:53 (8715 turns).

metroholografix the Skirmisher (Gargoyle Berserker) Turns: 8715, Time: 00:13:53

Health: -2/79      AC:  6    Str: 20    XL:     8   Next: 7%
Magic:  8/8        EV: 10    Int:  9    God:    Trog [***...]
Gold:   347        SH:  6    Dex: 11    Spells: 7/7 levels left

rFire    + . .     SeeInvis .   a - +0 mace
rCold    . . .     Faith    .   v - +2 buckler
rNeg     + . .     Spirit   .   r - +1 scale mail {rF+}
rPois    ∞         Reflect  .   (no helmet)
rElec    +         Harm     .   (no cloak)
rCorr    .         Rampage  .   y - +0 pair of gloves
Will     .....                  (no boots)
Stlth    ..........             (no amulet)
HPRegen  0.23/turn              s - +4 ring of slaying
MPRegen  0.11/turn              (no ring)

@: berserking, corroded, very quick
A: negative energy resistance 1, electricity resistance, unbreathing,
petrification resistance, miasma immunity, AC +5
a: Renounce Religion, Berserk, Trog's Hand


You were on level 6 of the Dungeon.
You worshipped Trog.
Trog was most pleased with you.
You visited 1 branch of the dungeon, and saw 6 of its levels.

You collected 347 gold pieces.

Inventory:

Hand Weapons
 a - a +0 mace (weapon)
Armour
 r - a +1 scale mail of fire resistance (worn)
 v - a +2 buckler (worn)
 y - a +0 pair of gloves (worn)
Jewellery
 s - a +4 ring of slaying (left hand)
 z - an uncursed ring of fire {unknown}
Wands
 u - a wand of flame (9)
Scrolls
 b - a scroll of acquirement {unknown}
 c - 2 scrolls of fog
 g - 5 scrolls of remove curse
 j - 4 scrolls of enchant armour
 l - 2 scrolls of fear {unknown}
 n - a scroll of blinking {unknown}
 o - a scroll of immolation
 q - 2 scrolls of teleportation
 x - a scroll of magic mapping {unknown}
Potions
 d - 2 potions of heal wounds {unknown}
 e - 3 potions of lignification {unknown}
 f - 2 potions of flight {unknown}
 h - 4 potions of brilliance
 i - a potion of curing {unknown}
 k - a potion of invisibility {unknown}
 m - 2 potions of magic {unknown}
 p - a potion of ambrosia {unknown}
 t - a potion of attraction {unknown}
 w - a potion of cancellation {unknown}


   Skills:
 * Level 7.0 Fighting
 * Level 6.3 Maces & Flails
 - Level 2.1 Armour
 - Level 2.1 Dodging
 + Level 3.5 Shields


You had 7 spell levels left.
You didn't know any spells.
Your spell library was empty.

Dungeon Overview and Level Annotations

Branches:
Dungeon (6/15)             Temple (0/1) D:6

Altars:
Okawaru
The Shining One


Innate Abilities, Weirdness & Mutations

You are resistant to torment.
Your stone body is resilient. (AC +5)
You are immune to poison.
You resist negative energy. (rN+)
You are resistant to electric shocks. (rElec)
You can survive without breathing.
You are immune to petrification.
You are immune to miasma.


Message History

You hit the jelly.
Your hands burn!
The jelly is moderately wounded.
The jelly hits you but does no damage.
You hit the jelly but do no damage.
Your hands burn!
The jelly is moderately wounded.
The jelly hits you. The acid corrodes you!
You are splashed with acid!
The jelly barely misses you.
You hit the jelly.
Your hands burn!
The jelly is severely wounded.
The jelly hits you. The acid corrodes you!
You are splashed with acid!
* * * LOW HITPOINT WARNING * * *
You hit the jelly but do no damage.
Your hands burn!
* * * LOW HITPOINT WARNING * * *
The jelly is severely wounded.
The jelly hits you but does no damage.
A red film seems to cover your vision as you go berserk!
You feel yourself moving faster!
You feel mighty! The jelly hits you.
* * * LOW HITPOINT WARNING * * *
You are splashed with acid!
You die...

#...# .... .... #..##
#...####...#
#.#........# ###
#.#..........# ##.#
......#......######..##
#..).....#....##...#
#.###J.............#
#@#........##..#
#......#...##..#
........####..##.#
..#......## ##....#
........##.###.####
#............#.####
........##........#
.........###......#
###. #.......#


You could see a jelly.

Vanquished Creatures
  A water moccasin (D:5)
  2 ogres
  Blork the orc (D:6)
  A bullfrog zombie (D:5)
  A quasit (D:5)
  2 bullfrog skeletons
  A hound (D:5)
  A centaur skeleton (D:6)
  An orc priest (D:3)
  3 worker ants
  An iguana (D:5)
  2 orc wizards
  A hound zombie (D:6)
  A worker ant zombie (D:6)
  7 adders
  2 oozes
  An adder skeleton (D:5)
  An adder zombie (D:2)
  4 worms
  A dart slug (D:1)
  2 leopard geckos (D:1)
  10 orcs
  6 bats
  2 giant cockroaches
  10 goblins
  6 hobgoblins
  6 jackals
  6 kobolds
  A quokka (D:5)
  A ball python skeleton (D:2)
  3 frilled lizards
  4 rats
92 creatures vanquished.

Vanquished Creatures (others)
  13 withered plants (D:2)
13 creatures vanquished.

Grand Total: 105 creatures vanquished

Notes
Turn   | Place    | Note
-------+----------+-------------------------------------------
     0 | D:1      | metroholografix the Gargoyle Berserker began the quest for
                  | the Orb.
     0 | D:1      | Reached XP level 1. HP: 14/14 MP: 1/1
    32 | D:1      | Reached XP level 2. HP: 14/19 MP: 2/2
   665 | D:1      | Reached XP level 3. HP: 15/24 MP: 3/3
  2586 | D:2      | Reached skill level 4 in Fighting
  3330 | D:2      | Reached XP level 4. HP: 8/29 MP: 4/4
  3686 | D:2      | Found a glowing golden altar of the Shining One.
  4481 | D:3      | Reached ** piety under Trog
  4797 | D:3      | Reached XP level 5. HP: 31/34 MP: 5/5
  5071 | D:3      | Reached skill level 1 in Shields
  5284 | D:4      | Noticed an ogre
  5291 | D:4      | Killed an ogre
  5292 | D:4      | Reached skill level 5 in Fighting
  5583 | D:4      | Reached XP level 6. HP: 37/40 MP: 6/6
  6432 | D:4      | Reached skill level 5 in Maces & Flails
  7034 | D:5      | Entered Level 5 of the Dungeon
  7161 | D:5      | Noticed a water moccasin
  7175 | D:5      | Killed a water moccasin
  7176 | D:5      | Reached XP level 7. HP: 41/45 MP: 7/7
  7337 | D:5      | Reached skill level 6 in Fighting
  8131 | D:6      | Found a staircase to the Ecumenical Temple.
  8156 | D:6      | Found an iron altar of Okawaru.
  8476 | D:6      | Noticed Blork the orc
  8486 | D:6      | Killed Blork the orc
  8486 | D:6      | Reached *** piety under Trog
  8655 | D:6      | Reached XP level 8. HP: 45/52 MP: 8/8
  8701 | D:6      | Reached skill level 7 in Fighting
  8715 | D:6      | Splashed by a jelly's acid

Illustrated notes

Levels and vault maps discovered:
D:1:      minmay_arrival_semitransparent, layout_basic
D:2:      layout_loops_ring, tso_altar, serial_undead, serial_undead_c,
          serial_undead_c, serial_undead_e, serial_undead_c, serial_undead_b,
          serial_undead_b, minmay_goblin_outpost
D:3:      layout_basic
D:4:      layout_loops_corners, minmay_crystal_room, minmay_misc_feat_pillars
D:5:      layout_cave_pools
D:6:      layout_cave_pools, minmay_temple_entry_wispy, basic_altar,
          minmay_fractal_squares_5, uniq_blork_the_orc

Skill      XL: |  1  2  3  4  5  6  7  8 |
---------------+-------------------------+-----
Fighting       | 4 5 6 7 |  7.0
Dodging        | 2 |  2.1
Maces & Flails | 4 5 6 |  6.3
Shields        | 1 2 3 |  3.5
Armour         | |  2.1

Action                   |  1- 3 |  4- 6 |  7- 9 || total
-------------------------+-------+-------+-------++-------
Melee: Mace              |   137 |   195 |    82 ||   414
Invok: Berserk           |     2 |     4 |     4 ||    10
       Trog's Hand       |       |     1 |       ||     1
  Use: Scroll            |     2 |     6 |       ||     8
Armor: Animal skin       |    75 |     5 |       ||    80
       Scale mail        |       |    91 |    47 ||   138
Dodge: Dodged            |   126 |    36 |    53 ||   215
Block: Tower shield      |       |   144 |       ||   144
       Buckler           |       |     3 |    25 ||    28
